 Dungeon Crawl Stone Soup version 0.26-a0-649-gf8c6c3aab7 (webtiles) character file.

Game seed: 15193334173373108663

79 Borbozo the Vandal (level 4, -13/29 HPs)
             Began as a Halfling Hunter on Sept 26, 2020.
             Mangled by a gnoll
             ... wielding a +0 halberd
              (14 damage)
             ... on level 2 of the Dungeon.
             The game lasted 00:11:34 (1088 turns).

Borbozo the Vandal (Halfling Hunter)                Turns: 1088, Time: 00:11:34

Health: -13/29     AC:  3    Str: 13    XL:     4   Next: 62%
Magic:  4/4        EV: 14    Int:  9    God:
Gold:   155        SH:  0    Dex: 15    Spells: 3/3 levels left

rFire    . . .     SeeInvis .   g - +3 dagger
rCold    . . .     Faith    .   (shield restricted)
rNeg     . . .     Spirit   .   c - +0 leather armour
rPois    .         Reflect  .   (no helmet)
rElec    .         Harm     .   (no cloak)
rCorr    .         Rampage  .   (no gloves)
MR       .....                  (no boots)
Stlth    ++........             (no amulet)
HPRegen  0.09/turn              (no ring)
MPRegen  0.09/turn              (no ring)

@: no status effects
A: small, mutation resistance 1
a: no special abilities


You were on level 2 of the Dungeon.
You visited 1 branch of the dungeon, and saw 2 of its levels.

You collected 155 gold pieces.

Inventory:

Hand Weapons
 a - a +1 hunting sling
 b - a +0 short sword
 g - a +3 dagger (weapon)
 p - a +3 dagger of speed
Missiles
 j - 37 bolts
 n - 30 arrows
 s - 22 stones (quivered)
Armour
 c - a +0 leather armour (worn)
 o - a +0 leather armour
Jewellery
 q - a +4 ring of slaying {unknown}
Scrolls
 e - 5 scrolls of teleportation {unknown}
 f - 2 scrolls of identify {unknown}
 h - a scroll of magic mapping {unknown}
 i - a scroll of noise {unknown}
 l - a scroll of blinking {unknown}
 m - a scroll of fear {unknown}
 r - a scroll of enchant weapon {unknown}
 t - a scroll of remove curse {unknown}
Potions
 k - a potion of degeneration {unknown}


   Skills:
 + Level 2.0 Fighting
 + Level 1.5 Short Blades
 + Level 7.7 Slings
 + Level 2.2 Dodging
 + Level 1.2 Stealth


You had 3 spell levels left.
You didn't know any spells.
Your spell library contained the following spells:

 Spells                   Type           Power        Failure   Level
 Animate Skeleton         Necr           #.....       45%         1
 Apportation              Tloc           #.....       45%         1
 Corona                   Hex            #......      45%         1
 Summon Small Mammal      Summ           #...         45%         1


Dungeon Overview and Level Annotations

Branches:
Dungeon (2/15)

Altars:
Dithmenos


Innate Abilities, Weirdness & Mutations

You are small and have problems with some larger weapons.
You are somewhat resistant to further mutation.


Message History

You shoot a sling bullet. The sling bullet hits the gnoll!
The gnoll is severely wounded.
g - a +3 dagger (weapon)
The gnoll hits you but does no damage. The gnoll closely misses you.
You hit the gnoll.
The gnoll is almost dead.
You hit the gnoll.
The gnoll is almost dead.
The gnoll hits you with a +0 halberd!
Ouch! That really hurt!
The gnoll hits you from afar with a +0 halberd!
* * * LOW HITPOINT WARNING * * *
You hit the gnoll.
The gnoll is moderately wounded.
The gnoll barely misses you. The gnoll closely misses you.
You hit the gnoll.
The gnoll is heavily wounded.
The gnoll hits you from afar with a +0 halberd!
You die...

........g...##...#...# ..#
#
...###...#'###.##.##.######
# . #...#...##.##.##._# #
######.#.##.##.#### ###
#(##..###..### #..
####(#### ####.# #..
#....g#.# #....# #..
#.###g#.# #....# #.. #
#@..# ##'#.#####.. #...#
#.#.....'.. #...#
#.#######.. ###.#
#.#........ #.# #.#.†......
#.## #.#........ #..#
#.#........
##.###.#........
######..##.#........


You could see 2 gnolls.

Vanquished Creatures
  2 gnolls (D:2)
  3 adders (D:2)
  3 dart slugs (D:1)
  A leopard gecko (D:2)
  2 giant cockroaches
  2 goblins (D:1)
  A hobgoblin (D:2)
  3 jackals (D:1)
  2 kobolds
  3 bats
  2 frilled lizards
  3 rats
27 creatures vanquished.

Notes
Turn   | Place    | Note
-------+----------+-------------------------------------------
     0 | D:1      | Borbozo the Halfling Hunter began the quest for the Orb.
     0 | D:1      | Reached XP level 1. HP: 14/14 MP: 1/1
    41 | D:1      | Reached skill level 6 in Slings
    84 | D:1      | Reached XP level 2. HP: 19/19 MP: 2/2
   350 | D:1      | Reached XP level 3. HP: 21/24 MP: 3/3
   575 | D:2      | Reached skill level 7 in Slings
   817 | D:2      | Reached skill level 1 in Short Blades
  1010 | D:2      | Reached XP level 4. HP: 29/29 MP: 4/4
  1027 | D:2      | Found a shadowy altar of Dithmenos.
  1086 | D:2      | HP: 1/29 [gnoll/+0 halberd (11)]
  1088 | D:2      | Mangled by a gnoll

Illustrated notes

Levels and vault maps discovered:
D:1:      shiori_arrival_maze, layout_rooms
D:2:      layout_basic, marbit_many_paths

Skill      XL: |  1  2  3  4 |
---------------+-------------+-----
Slings         | 6 7 |  7.7
Short Blades   | 1 |  1.5
Fighting       | 2 |  2.0
Dodging        | |  2.2
Stealth        | |  1.2

Action                   |  1- 3 |  4- 6 || total
-------------------------+-------+-------++-------
Melee: Dagger            |     6 |     5 ||    11
 Fire: Hunting sling     |    53 |    13 ||    66
Armor: Leather armour    |     2 |     2 ||     4
Dodge: Dodged            |     8 |     3 ||    11

Table legend: (Time is in decaauts)
 A = Elapsed time spent in this place.
 B = Non-inter-level travel time spent in this place.
 C = Inter-level travel time spent in this place.
 D = Time resting spent in this place.
 E = Time spent auto-exploring this place.
 F = Levels seen in this place.
 G = Mean time per level.
                   A        B        C        D        E       F      G
               +--------+--------+--------+--------+--------+-----+--------+
         Total |   1072 |   1072 |      0 |    161 |      0 |   2 |  536.0 |
       Dungeon |   1072 |   1072 |      0 |    161 |      0 |   2 |  536.0 |
               +--------+--------+--------+--------+--------+-----+--------+

Top non-repeatable levels by time:
     D:1: 557 daAuts
     D:2: 515 daAuts
